 Dungeon Crawl Stone Soup version 0.17-a0-1-g1f4be75 (console) character file.

53 Fusha the Gusty (level 3, -2/15 HPs)
             Began as a Felid Air Elementalist on Mar 12, 2015.
             Slain by a gnoll
             ... wielding a +0 spear
              (7 damage)
             ... on level 3 of the Dungeon.
             The game lasted 00:08:01 (2179 turns).

Fusha the Gusty (Felid Air Elementalist)            Turns: 2179, Time: 00:08:01

Health: -2/15      AC:  1    Str:  4    XL:     3   Next: 62%
Magic:  10/17      EV: 18    Int: 17    God:
Gold:   90         SH:  0    Dex: 16    Spells: 2 memorised, 4 levels left
                                        Lives:  0   Deaths: 1

rFire  . . .     SeeInvis +     (weapon unavailable)
rCold  . . .     Clarity  .     (armour unavailable)
rNeg   . . .     SustAb   .     (shield unavailable)
rPois  .         Gourm    .     (helmet unavailable)
rElec  .         Spirit   .     (cloak unavailable)
rCorr  .         Warding  .     (gloves unavailable)
rMut   .         Stasis   .     (boots unavailable)
MR     .....                    (no amulet)
Stlth  +++.......               (no ring)
                                f - ring of magical power

@: very slightly contaminated, quick, not resistant to hostile enchantments,
fairly stealthy
A: paw claws, no armour, no weapons or thrown items, fangs 3, see invisible,
carnivore 3, speed 1, shaggy fur 1, slow metabolism 1, sharp paws
a: no special abilities


You were on level 3 of the Dungeon.
You were full.

You visited 1 branch of the dungeon, and saw 3 of its levels.

You collected 90 gold pieces.

Inventory:

Jewellery
 f - a ring of magical power (left paw)
Scrolls
 a - 6 scrolls of remove curse {unknown}
 d - 3 scrolls of teleportation {unknown}
 e - 2 scrolls of magic mapping {unknown}
 h - 2 scrolls of identify
 i - 2 scrolls of recharging {unknown}
 k - a scroll of noise {unknown}
 m - 2 scrolls of enchant armour {unknown}
 n - a scroll of blinking {unknown}
 t - 2 scrolls of amnesia {unknown}
Potions
 g - a potion of invisibility {unknown}
 j - a potion of poison {unknown}
 l - a potion of restore abilities {unknown}
 o - a potion of flight {unknown}
 p - a potion of lignification {unknown}
 q - a potion of cancellation {unknown}
 r - a potion of ambrosia {unknown}
 s - 2 potions of haste
 u - a potion of heal wounds {unknown}
Books
 b - a book of Air

   Spells                             Type                      Level
   a - Shock                          Conjuration/Air              1
   b - Swiftness                      Charms/Air                   2
   c - Repel Missiles                 Charms/Air                   2
   d - Flight                         Charms/Air                   3
   e - Static Discharge               Conjuration/Air              3
   f - Lightning Bolt                 Conjuration/Air              5
Comestibles
 c - 4 meat rations


   Skills:
 + Level 0.6 Fighting
 + Level 3.3 Dodging
 + Level 3.1 Stealth
 + Level 0.4 Unarmed Combat
 + Level 2.5 Spellcasting
 + Level 2.0 Conjurations
 + Level 3.4 Air Magic


You had 4 spell levels left.
You knew the following spells:

 Your Spells              Type           Power        Failure   Level  Hunger
a - Shock                 Conj/Air       ##..         10%         1    #......
b - Repel Missiles        Chrm/Air       #.....       17%         2    ##.....


Dungeon Overview and Level Annotations

Branches:
Dungeon (3/15)

Altars:


Innate Abilities, Weirdness & Mutations

You cannot wear armour.
You are incapable of wielding weapons or throwing items.
You have razor-sharp teeth.
You have supernaturally acute eyesight.
You are carnivorous and can eat meat at any time.
You cover ground quickly.
You are covered in fur (AC +1).
You have a slow metabolism.
Your paws have sharp claws that are effective at stabbing.


Message History

Casting: Shock
Confirm with . or Enter, or press ? or * to list all spells.
Aiming: Shock
Press: ? - help, Shift-Dir - straight line, f/p - gnoll
Aim: a gnoll, wielding a spear (moderately wounded)
The zap hits the gnoll.
The gnoll is heavily wounded.
The zap hits the gnoll.
The gnoll is severely wounded.
Casting: Shock
Confirm with . or Enter, or press ? or * to list all spells.
Aiming: Shock
Press: ? - help, Shift-Dir - straight line, f/p - gnoll
Aim: a gnoll, wielding a spear (heavily wounded)
The zap hits the gnoll.
The gnoll is heavily wounded.
The zap hits the gnoll.
The gnoll is severely wounded.
The gnoll hits you from afar with a spear!
You die...

#.###########
#.#....
#............ #.#.
#............##.#
##............##.#
..............##.#
...).)........##g#
.............. #g#
....########## #.#
....# #@# ....#
#.# ....# #.#
##.#############.#
#...............#
##################
#...)..# #(####.#
#.#.<#.#


You could see 2 gnolls.

Vanquished Creatures
  2 gnolls
  2 adders
  A worm (D:1)
  2 giant geckos (D:3)
  An ooze (D:3)
  An orc (D:3)
  6 bats
  3 giant cockroaches
  9 hobgoblins
  5 giant newts
  7 goblins
  5 jackals
  7 kobolds
  3 rats (D:1)
54 creatures vanquished.

Notes
Turn   | Place    | Note
--------------------------------------------------------------
     0 | D:1      | Fusha, the Felid Air Elementalist, began the quest for the Orb.
     0 | D:1      | Reached XP level 1. HP: 7/7 MP: 4/4
   251 | D:1      | Reached skill level 3 in Air Magic
   328 | D:1      | Reached XP level 2. HP: 11/11 MP: 5/5
   630 | D:1      | Learned a level 2 spell: Repel Missiles
   748 | D:1      | Reached skill level 1 in Conjurations
   748 | D:1      | Reached XP level 3. HP: 14/14 MP: 7/8
  1516 | D:3      | Reached XP level 4. HP: 13/18 MP: 10/10
  2056 | D:3      | Killed from afar by an orc priest
  2057 | D:3      | Reached XP level 3. HP: -4/15 MP: 12/17
  2179 | D:3      | Slain by a gnoll

Action                   |  1- 3 |  4- 6 || total
-------------------------+-------+-------++-------
Melee: Unarmed           |    54 |     6 ||    60
 Cast: Shock             |    88 |    37 ||   125
  Use: Scroll            |       |     1 ||     1
 Stab: Sleeping          |     2 |       ||     2
  Eat: Chunk             |    12 |     2 ||    14
